 Dungeon Crawl Stone Soup version 0.29.0-4-gdea44cf6ec (webtiles) character file.

Game seed: 3125390141319997944

7 qw the Sneak (level 2, -2/19 HPs)
             Began as a Gargoyle Delver on Sept 10, 2022.
             Killed from afar by an orc wizard (4 damage)
             ... with a magic dart
             ... on level 2 of the Dungeon.
             The game lasted 00:00:04 (202 turns).

qw the Sneak (Gargoyle Delver)                       Turns: 202, Time: 00:00:04

Health: -2/19      AC:  5    Str: 15    XL:     2   Next: 4%
Magic:  2/2        EV: 11    Int: 10    God:
Gold:   0          SH:  0    Dex: 11    Spells: 1/1 levels left

rFire   . . .      SeeInvis .   a - +0 hand axe
rCold   . . .      Faith    .   (no shield)
rNeg    + . .      Spirit   .   b - +0 leather armour
rPois   inf        Reflect  .   (no helmet)
rElec   +          Harm     .   (no cloak)
rCorr   .          Rampage  .   (no gloves)
Will    .....                   (no boots)
Stlth   +++.......              (no amulet)
HPRegen 0.06/turn               (no ring)
MPRegen 0.08/turn               (no ring)

@: no status effects
A: sickness immunity, AC +2, negative energy resistance 1, electricity
resistance, torment resistance 1, petrification resistance
a: no special abilities


You were on level 2 of the Dungeon.
You visited 1 branch of the dungeon, and saw 4 of its levels.


Innate Abilities, Weirdness & Mutations

You are immune to sickness and miasma.
Your stone body is resilient. (AC +2)
You are immune to poison.
You resist negative energy. (rN+)
You are resistant to electric shocks. (rElec)
You are resistant to unholy torment.
You are immune to petrification.


   Skills:
 - Level 3.2 Fighting
 + Level 2.4 Axes
 - Level 1.5 Dodging
 - Level 5.4 Stealth


You had one spell level left.
You didn't know any spells.
Your spell library was empty.

Inventory:

Hand Weapons
 a - a +0 hand axe (weapon)
Armour
 b - a +0 leather armour (worn)
Wands
 g - a wand of digging (3)
Potions
 f - a potion of haste

Dungeon Overview and Level Annotations

Branches:
Dungeon (5/15)
 Temple: D:4-7

Altars:

Shops:
D:4 *


Message History

You hit the orc wizard but do no damage.
The orc wizard gestures wildly while chanting.
The orc wizard flickers and vanishes!
Deactivating autopickup; reactivate with Ctrl-A.
The orc hits you but does no damage. The orc hits you with a +0 club.
You hit the orc but do no damage.
The orc is heavily wounded.
You hit something but do no damage. You closely miss the orc.
Something hits you. The orc hits you with a +0 club. The orc misses you.
You hit the orc but do no damage.
The orc is heavily wounded.
You hit something. You closely miss the orc.
Something hits you but does no damage. The orc barely misses you.
The orc hits you but does no damage. x2; The orc barely misses you.
Something hits you but does no damage.
You hit the orc but do no damage.
The orc is heavily wounded.
You closely miss something. You hit the orc but do no damage.
The orc closely misses you.
You hear some strange, mumbled words.
A magic dart appears from out of thin air!
The magic dart hits you but does no damage.
The orc closely misses you.
You hit the orc.
The orc is almost dead.
You miss something. You barely miss the orc.
The orc hits you with a +0 hand axe. Something hits you but does no damage.
The orc hits you but does no damage.
You hit the orc but do no damage.
The orc is almost dead.
You closely miss something. You hit the orc. Something hits you.
The orc closely misses you. The orc misses you.
You closely miss the orc.
The orc is almost dead.
You closely miss something. You hit the orc.
You kill the orc!
You hear some strange, mumbled words.
A magic dart appears from out of thin air!
The magic dart hits you.
You die...

## .# .##
.. #
##.##.#
#.....#
#@o#
.#o#.###{)#
...o.o.>..#
.######...#
#...#
......
##.####.
#.# # #.#


You could see an orc.

Vanquished Creatures
  A worm (D:3)
  3 orcs (D:2)
4 creatures vanquished.

Notes
Turn   | Place    | Note
-------+----------+-------------------------------------------
     0 | D:5      | qw the Gargoyle Delver began the quest for the Orb.
     0 | D:5      | Reached XP level 1. HP: 14/14 MP: 1/1
     0 | D:5      | 0 ||| qw: Version: 0.1-a-117-gfe26ee0
     0 | D:5      | 0 ||| qw: Game counter: 9698
     0 | D:5      | 0 ||| qw: Always use a shield: true
     0 | D:5      | 0 ||| qw: God list: Okawaru
     0 | D:5      | 0 ||| qw: Allow faded altars: false
     0 | D:5      | 0 ||| qw: Do Orc after D:15 true
     0 | D:5      | 0 ||| qw: Do second Lair branch before Depths: true
     0 | D:5      | 0 ||| qw: Lair rune preference: random
     0 | D:5      | 0 ||| qw: Plans: Normal
     0 | D:5      | 0 ||| PLANNING D:1-11
     0 | D:5      | 0 ||| DROPPING scroll of fog.
     1 | D:5      | 1 ||| DROPPING scroll of magic mapping.
     2 | D:5      | 2 ||| DROPPING scroll of fear.
    11 | D:4      | Found Webe's CLEARANCE SALE!.
   184 | D:2      | Noticed an orc wizard
   185 | D:2      | 185 ||| Stepping ~*~*~tactically~*~*~ (hiding).
   186 | D:2      | 186 ||| Stepping ~*~*~tactically~*~*~ (hiding).
   196 | D:2      | Reached XP level 2. HP: 16/19 MP: 2/2
   200 | D:2      | HP: 4/19 [orc/+0 hand axe (3)]
   202 | D:2      | Killed from afar by an orc wizard

Levels and vault maps discovered:
D:2:      minmay_door_path, layout_basic, nicolae_grassy_gnolls
D:3:      layout_loops_cross, gammafunk_temple_overflow_claw, serial_shops,
          nicolae_shop_advertising_works [nicolae_subvault_shop_adworks]
D:4:      layout_basic, kennysheep_mini_moat, nicolae_shop_clearance
D:5:      minmay_goblin_kobold_castle, layout_rooms, tgw_sif,
          minmay_temple_entry_wispy, ebering_ghost_sewer_f, serial_shops,
          nicolae_stop_n_shop_1

Skill      XL: |  1 |
---------------+----+-----
Axes           | 2 |  2.4
Fighting       | |  3.2
Dodging        | |  1.5
Stealth        | |  5.4

Action                   || total
-------------------------++-------
Melee: Hand axe          ||    21
Armor: Leather armour    ||    12
Dodge: Dodged            ||    12

Table legend:
 A = Non-vault XP
 B = Vault XP
 C = Vault XP percentage of total XP
 D = Non-vault monster count
 E = Vault monster count
 F = Vault count percentage of total count
                 A         B        C        D         E       F
            +---------+---------+-------+---------+---------+-------
      Total |      14 |       0 |   0.0 |       4 |       0 |   0.0
            +---------+---------+-------+---------+---------+-------
        D:2 |       9 |       0 |   0.0 |       3 |       0 |   0.0
        D:3 |       5 |       0 |   0.0 |       1 |       0 |   0.0
            +---------+---------+-------+---------+---------+-------
